 Dungeon Crawl Stone Soup version 0.25-a0-110-ge29c8f2358 (webtiles) character file.

Game seed: 468264392214232710, levelgen mode: deterministic

113 Geomchi the Chiller (level 4, -2/24 HPs)
             Began as a Deep Elf Ice Elementalist on Nov 19, 2019.
             Slain by Grinder (5 damage)
             ... on level 3 of the Dungeon.
             The game lasted 00:05:42 (2935 turns).

Geomchi the Chiller (Deep Elf Ice Elementalist)     Turns: 2935, Time: 00:05:43

Health: -2/24      AC:  4    Str:  3 (5)  XL:     4   Next: 65%
Magic:  4/10       EV: 14    Int: 19 (21) God:
Gold:   128        SH:  0    Dex: 14 (15) Spells: 2/9 levels left

rFire    . . .     SeeInvis .   b - +0 dagger
rCold    . . .     Gourm    .   (no shield)
rNeg     . . .     Faith    .   a - +0 robe
rPois    .         Spirit   .   r - +0 helmet
rElec    .         Reflect  .   n - +0 cloak
rCorr    .         Harm     .   (no gloves)
MR       .....                  (no boots)
Stlth    ++........             (no amulet)
HPRegen  0.08/turn              (no ring)
MPRegen  0.12/turn              (no ring)

@: no status effects
A: no striking features
a: no special abilities


You were on level 3 of the Dungeon.
You were not hungry.

You visited 1 branch of the dungeon, and saw 3 of its levels.

You collected 128 gold pieces.

Inventory:

Hand Weapons
 b - a +0 dagger (weapon)
Armour
 a - a +0 robe (worn)
 n - a +0 cloak (worn)
 r - a +0 helmet (worn)
Wands
 g - a wand of random effects (8)
 q - a wand of disintegration (15)
Scrolls
 f - 3 scrolls of identify {unknown}
 h - a scroll of immolation {unknown}
 j - a scroll of remove curse {unknown}
 k - a scroll of magic mapping {unknown}
 m - a scroll of teleportation {unknown}
Potions
 e - a potion of degeneration
 i - a potion of resistance {unknown}
 l - a potion of curing {unknown}
 o - a potion of brilliance {unknown}
 p - a potion of heal wounds {unknown}
Comestibles
 c - 8 rations
 d - 2 chunks of flesh {@w0}


   Skills:
 + Level 3.9 Dodging
 - Level 2.4 Stealth
 - Level 3.0 Spellcasting
 * Level 3.0 Conjurations
 + Level 4.3 Ice Magic


You had 2 spell levels left.
You knew the following spells:

 Your Spells              Type           Power        Failure   Level  Hunger
a - Freeze                Ice            ###.         2%          1    None
b - Throw Icicle          Conj/Ice       ###.....     32%         4    ####...
m - Throw Frost           Conj/Ice       ###...       4%          2    ##.....

Your spell library contained the following spells:

 Spells                   Type           Power        Failure   Level  Hunger
 Ozocubu's Armour         Chrm/Ice       ##......     19%         3    ###....
 Summon Ice Beast         Ice/Summ       ##......     52%         4    ####...


Dungeon Overview and Level Annotations

Branches:
Dungeon (3/15)

Altars:
Nemelex Xobeh

Annotations:
D:2 exclusion: adder, Sigmund, Terence
D:3 Grinder


Message History

Aim: Grinder Grinder resists.
You freeze Grinder. Grinder gestures at you.
You barely resist.
You now have 5/10 mp.
Aim: Grinder (lightly wounded) Grinder resists.
You freeze Grinder. Grinder hits you.
You take 2 damage, and have 9/24 hp.
You now have 4/10 mp.
Aim: Grinder (lightly wounded) Grinder completely resists.
You freeze Grinder but do no damage.
You hear the rapid rusting of a very distant drain.
Grinder hits you but does no damage.
You barely miss Grinder. Grinder barely misses you.
It was a potion of degeneration.
There was something very wrong with that liquid.
You feel weakened.
You feel dopey.
You feel clumsy. Grinder hits you.
* * * LOW HITPOINT WARNING * * *
You writhe in agony.
You die...

.# ##. ... .. ####.#
#.###....# #.....#5.#
#.@..# #. #.#.## #.
#.#...
≈≈≈....#.###.##### g#
#≈≈P...#.........#
...#≈≈....#.........#
.gg#≈≈....#.........#
####≈≈....#.........#
≈≈≈≈≈≈....#.........#


You could see Grinder.

Vanquished Creatures
  Ijyb (D:3)
  2 gnolls (D:3)
  An adder (D:2)
  2 worms (D:2)
  A dart slug (D:3)
  A leopard gecko (D:1)
  2 giant cockroaches (D:2)
  3 goblins (D:1)
  5 hobgoblins
  8 jackals
  7 kobolds
  A quokka (D:3)
  6 bats
  A frilled lizard (D:3)
  9 rats
50 creatures vanquished.

Notes
Turn   | Place    | Note
-------+----------+-------------------------------------------
     0 | D:1      | Geomchi the Deep Elf Ice Elementalist began the quest for
                  | the Orb.
     0 | D:1      | Reached XP level 1. HP: 10/10 MP: 6/6
   395 | D:1      | Reached XP level 2. HP: 2/15 MP: 4/8
   399 | D:1      | Learned a level 2 spell: Throw Frost
   748 | D:1      | Found a sparkling altar of Nemelex Xobeh.
   759 | D:1      | You fall into a shaft and drop 1 floor!
  1063 | D:2      | Noticed Terence
  1302 | D:2      | Noticed Sigmund
  1303 | D:2      | Reached XP level 3. HP: 19/19 MP: 7/9
  1517 | D:1      | Reached skill level 4 in Ice Magic
  2425 | D:3      | Reached XP level 4. HP: 24/24 MP: 6/10
  2480 | D:3      | Learned a level 4 spell: Throw Icicle
  2527 | D:3      | Noticed Ijyb
  2533 | D:3      | Killed Ijyb
  2923 | D:3      | Noticed Grinder
  2927 | D:3      | Paralysed by Grinder for 4 turns
  2935 | D:3      | Slain by Grinder

Levels and vault maps discovered:
D:1:      dpeg_arrival_rooms_c, layout_basic, nemelex_xobeh_ov_fountains_minmay
D:2:      layout_loops_ring, first_ration, minmay_statues_item, minivault_25,
          minmay_misc_feat_chi, uniq_terence, uniq_sigmund
D:3:      lemuel_castle_with_subvaults [lemuel_castle_interior_carwin_1],
          layout_basic, portal_sewer_entry_e, uniq_natasha, uniq_ijyb,
          uniq_grinder

Skill      XL: |  1  2  3  4 |
---------------+-------------+-----
Dodging        | 3 |  3.9
Conjurations   | 2 3 |  3.0
Ice Magic      | 4 |  4.3
Stealth        | |  2.4
Spellcasting   | |  3.0

Action                   |  1- 3 |  4- 6 || total
-------------------------+-------+-------++-------
Melee: Dagger            |       |     2 ||     2
 Cast: Freeze            |    59 |    19 ||    78
       Throw Frost       |     4 |     7 ||    11
  Use: Potion            |       |     1 ||     1
  Eat: Chunk             |     5 |     1 ||     6
Armor: Robe              |     5 |     8 ||    13
Dodge: Dodged            |    23 |     7 ||    30

Table legend:
 A = Non-vault XP
 B = Vault XP
 C = Vault XP percentage of total XP
 D = Non-vault monster count
 E = Vault monster count
 F = Vault count percentage of total count
                 A         B        C        D         E       F
            +---------+---------+-------+---------+---------+-------
      Total |      90 |      72 |  44.4 |      43 |       7 |  14.0
            +---------+---------+-------+---------+---------+-------
        D:1 |      39 |       0 |   0.0 |      24 |       0 |   0.0
        D:2 |      36 |       0 |   0.0 |      11 |       0 |   0.0
        D:3 |      15 |      72 |  82.8 |       8 |       7 |  46.7
            +---------+---------+-------+---------+---------+-------
